Map: Oxide LE

Players

Lambo - Winner!

  • Race: Zerg Zerg
  • League: Grandmaster

ShoWTimE

  • Race: Protoss Protoss
  • League: Grandmaster

Event: DreamHack SC2 Masters 2021 Summer

VOD

Have the link to the VOD?

Description

Time

  • Played on: June 4, 2021, 11:21 a.m.
  • Length: 26:59

All games in this series

Show
View Real Time Build Order
Export as new Build Order

Lambo Zerg - Winner!

Build Orders: Hatch First, Lurkers 

Get SALT Encoding   

  12  0:00  Drone  
  13  0:12  Overlord  
  13  0:16  Drone  
  14  0:30  Drone x2  
  16  0:47  Hatchery  
  15  0:50  Drone  
  15  0:54  Drone  
  17  0:57  Drone  
  18  1:07  Extractor  
  17  1:12  Spawning Pool  
  17  1:16  Drone  
  17  1:18  Drone  
  18  1:28  Drone  
  19  1:39  Drone  
  20  1:52  Drone  
  21  1:59  Queen  
  21  2:00  Queen, Zergling x2  
  21  2:01  Overlord  
  26  2:08  Metabolic Boost  
  26  2:10  Drone  
  26  2:12  Drone  
  28  2:21  Drone x2  
  30  2:34  Hatchery  
  29  2:39  Queen  
  29  2:41  Drone  
  32  2:45  Overlord  
  32  2:47  Zergling x2  
  32  2:49  Drone  
  34  2:54  Drone x2  
  36  3:04  Queen, Zergling x2  
  36  3:05  Zergling x2  
  40  3:08  Overlord  
  40  3:17  Drone x3  
  43  3:25  Drone  
  41  3:29  Drone x2  
  41  3:30  Queen  
  44  3:38  Drone  
  44  3:41  Overlord  
  45  3:42  Drone x2  
  45  3:46  Drone, Spore Crawler  
  47  3:51  Drone  
  46  3:58  Drone x3  
  46  3:59  Queen  
  50  4:05  Drone  
  50  4:06  Zergling x6  
  54  4:14  Zergling x4, Overlord  
  54  4:16  Drone x2  
  58  4:18  Spore Crawler  
  58  4:21  Drone x2  
  59  4:25  Drone  
  60  4:32  Roach Warren, Overlord  
  60  4:33  Drone  
  60  4:36  Drone  
  60  4:39  Drone x3  
  60  4:40  Drone  
  60  4:42  Drone  
  60  4:44  Drone  
  65  4:47  Drone  
  65  4:52  Zergling x4  
  67  4:55  Drone x4  
  67  4:57  Zergling x2  
  72  5:03  Lair  
  72  5:06  Extractor  
  72  5:07  Drone x3, Extractor  
  74  5:10  Spore Crawler, Evolution Chamber  
  74  5:12  Drone  
  74  5:14  Drone x3  
  75  5:16  Drone  
  75  5:20  Drone x2  
  78  5:21  Overlord  
  78  5:25  Overlord  
  78  5:26  Overlord  
  78  5:30  Overlord  
  78  5:31  Overlord  
  78  5:34  Overlord  
  78  5:36  Extractor  
  78  5:37  Extractor  
  78  5:39  Extractor  
  78  5:42  Hatchery  
  74  5:45  Drone x4  
  74  5:48  Drone x3  
  81  5:50  Drone  
  81  5:53  Drone x2  
  81  5:56  Drone  
  81  5:57  Drone x2  
  87  6:00  Zerg Missile Weapons Level 1  
  87  6:03  Overlord  
  87  6:06  Drone x2  
  87  6:08  Glial Reconstitution  
  87  6:10  Infestation Pit  
  88  6:12  Drone x2  
  88  6:17  Drone x3  
  93  6:21  Spore Crawler, Overlord  
  93  6:22  Drone  
  93  6:23  Drone x3  
  93  6:25  Roach  
  98  6:34  Drone x7  
  98  6:35  Hydralisk Den  
  98  6:38  Roach  
  106  6:45  Roach x2  
  106  6:46  Evolution Chamber, Roach x2  
  113  6:48  Ravager  
  113  6:49  Extractor  
  113  6:50  Extractor, Roach x3  
  118  6:54  Hive  
  118  6:56  Overlord  
  118  6:58  Overlord  
  117  7:03  Overlord  
  117  7:04  Queen  
  117  7:09  Drone x6  
  117  7:11  Queen  
  125  7:15  Lurker Den  
  125  7:19  Zerg Ground Armor Level 1  
  125  7:22  Roach x3  
  130  7:26  Drone x3  
  133  7:35  Roach x3  
  139  7:37  Hatchery  
  139  7:38  Muscular Augments  
  139  7:42  Drone x2  
  139  7:44  Overlord  
  139  7:45  Overlord x2  
  139  7:48  Hydralisk x2  
  143  7:55  Hydralisk x4  
  151  7:58  Hydralisk  
  151  7:59  Hydralisk  
  151  8:00  Zerg Missile Weapons Level 2  
  155  8:05  Overseer  
  155  8:09  Hydralisk x2  
  155  8:10  Hydralisk  
  155  8:11  Zergling x2  
  155  8:12  Zergling x10  
  166  8:16  Seismic Spines  
  166  8:20  Lurker x2  
  166  8:26  Pneumatized Carapace  
  170  8:27  Lurker x2, Overseer  
  170  8:38  Spore Crawler  
  170  8:40  Drone, Spine Crawler  
  170  8:41  Spine Crawler x2  
  167  8:43  Lurker x3  
  167  8:47  Lurker  
  167  8:48  Zergling x12  
  176  8:53  Lurker  
  176  9:02  Hydralisk  
  175  9:03  Roach x7  
  184  9:11  Hydralisk  
  184  9:12  Lurker  
  184  9:13  Adaptive Talons, Overlord  
  181  9:23  Extractor  
  180  9:24  Extractor  
  180  9:26  Spine Crawler, Overlord  
  180  9:27  Overlord  
  177  9:38  Hydralisk x2  
  177  9:40  Lurker  
  177  9:41  Overlord  
  180  9:56  Hydralisk x3  
  185  10:02  Roach x7  
  185  10:03  Roach x3  
  197  10:12  Lurker  
  192  10:14  Overlord  
  192  10:16  Hydralisk x2  
  192  10:17  Roach x7  
  192  10:19  Hydralisk x4  
  174  10:35  Roach x8  
  165  10:36  Hydralisk x5  
  165  10:37  Hydralisk x2  
  165  10:38  Overlord  
  165  10:40  Roach x2  
  174  10:45  Roach  
  174  10:47  Overlord  
  174  10:54  Lurker x4  
  174  10:57  Overlord  
  174  11:05  Lurker  
  174  11:06  Lurker x3  
  174  11:10  Roach x6  
  189  11:17  Roach x4  
  195  11:39  Lurker x4  
  197  11:59  Overseer  
  193  12:01  Hydralisk x2  
  193  12:06  Hydralisk x8  
  193  12:07  Zergling x4  
  195  12:14  Zerg Ground Armor Level 2, Zerg Missile Weapons Level 3  
  186  12:34  Zergling x38  
  191  12:39  Lurker x7  
  198  12:45  Hatchery  
  198  12:47  Lurker  
  179  13:21  Hydralisk x9  
  197  13:30  Hydralisk x3  
  194  13:35  Hydralisk x2  
  184  13:43  Zergling x24  
  184  13:47  Hydralisk x3  
  190  13:52  Roach  
  190  13:56  Overseer  
  190  13:59  Overseer  
  190  14:00  Hydralisk x3  
  193  14:10  Lurker x3  
  192  14:18  Overseer  
  192  14:21  Hydralisk x4  
  182  14:36  Hatchery  
  174  14:39  Lurker x5  
  174  14:40  Roach x5  
  187  14:48  Roach x3  
  184  14:53  Lurker x2  
  184  14:54  Lurker x3  
  184  14:55  Extractor, Zergling x4  
  181  15:05  Roach  
  181  15:06  Roach x3  
  185  15:08  Roach x2  
  189  15:17  Roach x4  
  189  15:19  Zergling x8  
  180  15:22  Roach x4  
  188  15:40  Roach x4  
  189  15:46  Hydralisk  
  189  15:48  Overseer x2  
  190  16:01  Hydralisk x3  
  192  16:05  Spine Crawler  
  192  16:06  Spore Crawler  
  178  16:12  Hydralisk x5  
  178  16:17  Hydralisk  
  189  16:23  Overseer  
  185  16:27  Hatchery  
  185  16:31  Hydralisk x10  
  180  16:35  Hatchery  
  180  16:38  Hydralisk x2  
  174  16:42  Overlord x2  
  174  16:43  Overlord x2  
  174  16:53  Overlord  
  174  16:58  Overlord  
  174  16:59  Lurker  
  174  17:00  Lurker  
  176  17:01  Viper x2  
  176  17:02  Viper  
  176  17:03  Hydralisk x4  
  176  17:05  Zerg Ground Armor Level 3  
  198  17:08  Drone x5  
  196  17:35  Hydralisk x2  
  197  17:46  Hydralisk x7  
  187  17:52  Lurker x3  
  187  17:53  Lurker  
  187  17:58  Lurker x3  
  194  18:10  Hydralisk x3  
  198  18:28  Hydralisk  
  163  18:49  Hydralisk  
  163  18:50  Hydralisk x5  
  175  19:01  Lurker x4  
  177  19:06  Drone x2  
  177  19:07  Drone x2  
  177  19:08  Lurker x2  
  173  19:14  Lurker x5  
  176  19:17  Hatchery  
  176  19:19  Overseer  
  176  19:22  Overseer  
  175  19:30  Drone x3  
  178  19:32  Extractor  
  178  19:33  Extractor  
  176  19:45  Lurker  
  175  19:46  Hydralisk x6  
  186  19:55  Hydralisk x2  
  190  20:05  Overseer  
  188  20:15  Spine Crawler  
  188  20:16  Spore Crawler  
  188  20:19  Spire  
  185  20:26  Hydralisk x2  
  189  20:53  Hydralisk x3  
  189  21:03  Overseer  
  189  22:00  Overlord x2  
  170  22:26  Hydralisk x3  
  170  22:59  Hatchery, Hydralisk x3  
  175  23:12  Hydralisk x5  
  176  23:23  Overlord  
  176  23:27  Overlord  
  176  23:31  Extractor x2  
  174  23:42  Hydralisk x5  
  180  23:57  Lurker x5  
  180  23:58  Overseer  
  178  24:07  Hydralisk x11  
  188  24:14  Lurker x2  
  169  24:51  Drone x11  
  166  24:57  Hydralisk x4  
  162  25:07  Spine Crawler  
  159  25:08  Spine Crawler  
  159  25:09  Spine Crawler  
  159  25:10  Spore Crawler  
  156  25:16  Drone x9  
  165  25:30  Overseer  
  165  25:32  Lurker  
  165  25:33  Spine Crawler  
  165  25:34  Spore Crawler  
  164  25:49  Roach x6  
  182  25:50  Roach x3  
  179  26:10  Hatchery, Roach x8  
  194  26:32  Hydralisk x4  
  161  26:39  Roach  
Show
View Real Time Build Order
Export as new Build Order

ShoWTimE Protoss 

Build Orders: 1 Gate Expand, Oracle Opening, Zealot Archon 

Get SALT Encoding   

  12  0:00  Probe  
  13  0:12  Probe  
  14  0:18  Pylon  
  14  0:24  Probe  
  15  0:36  Probe (Chrono Boost)  
  15  0:38  Gateway  
  16  0:45  Probe (Chrono Boost)  
  16  0:46  Assimilator  
  17  0:50  Probe (Chrono Boost)  
  18  1:03  Probe  
  19  1:15  Probe  
  20  1:24  Nexus  
  20  1:33  Cybernetics Core  
  20  1:36  Probe  
  21  1:41  Assimilator  
  21  1:48  Probe  
  21  1:51  Pylon  
  22  2:00  Probe  
  23  2:06  Adept (Chrono Boost)  
  23  2:12  Probe  
  26  2:20  Stargate  
  26  2:24  Probe (Chrono Boost)  
  26  2:26  Adept (Chrono Boost)  
  29  2:34  Warp Gate  
  29  2:36  Probe (Chrono Boost)  
  31  2:42  Probe (Chrono Boost)  
  31  2:45  Probe (Chrono Boost)  
  31  2:49  Probe (Chrono Boost), Adept  
  35  2:53  Probe  
  36  2:59  Pylon  
  36  3:01  Probe  
  36  3:04  Oracle (Chrono Boost)  
  36  3:05  Probe  
  41  3:13  Probe  
  41  3:17  Probe  
  41  3:18  Adept  
  45  3:25  Probe  
  46  3:29  Probe  
  46  3:33  Gateway  
  43  3:35  Oracle (Chrono Boost)  
  43  3:37  Probe  
  48  3:41  Probe  
  48  3:48  Pylon  
  48  3:49  Probe  
  48  3:53  Probe  
  49  4:01  Probe  
  50  4:04  Oracle (Chrono Boost)  
  50  4:05  Probe  
  50  4:07  Nexus  
  54  4:12  Pylon  
  54  4:13  Probe  
  55  4:17  Probe  
  55  4:18  Assimilator  
  55  4:20  Assimilator  
  56  4:25  Probe  
  56  4:27  Adept x2  
  56  4:30  Pylon  
  61  4:32  Probe  
  61  4:37  Probe  
  63  4:42  Robotics Facility  
  63  4:44  Probe  
  64  4:49  Probe  
  65  4:55  Sentry  
  65  4:56  Probe  
  65  4:59  Gateway, Forge  
  68  5:01  Stalker  
  68  5:02  Probe  
  71  5:08  Probe (Chrono Boost)  
  71  5:13  Pylon  
  73  5:17  Probe (Chrono Boost)  
  73  5:20  Probe (Chrono Boost)  
  74  5:21  Sentry  
  74  5:24  Sentry  
  74  5:26  Shield Battery  
  74  5:27  Probe (Chrono Boost)  
  74  5:28  Probe (Chrono Boost)  
  81  5:29  Probe (Chrono Boost)  
  81  5:30  Observer  
  81  5:34  Probe (Chrono Boost), Twilight Council  
  81  5:35  Probe (Chrono Boost)  
  83  5:36  Protoss Ground Weapons Level 1 (Chrono Boost)  
  83  5:39  Pylon  
  85  5:43  Probe (Chrono Boost)  
  85  5:46  Probe x2 (Chrono Boost), Photon Cannon  
  87  5:51  Probe x3 (Chrono Boost)  
  87  5:53  Assimilator  
  87  5:56  Assimilator  
  90  5:59  Immortal (Chrono Boost)  
  90  6:01  Probe x2  
  90  6:02  Probe  
  97  6:06  Robotics Bay  
  97  6:09  Charge (Chrono Boost)  
  97  6:12  Gateway  
  97  6:13  Probe  
  97  6:16  Probe  
  99  6:24  Gateway  
  99  6:26  Dark Shrine  
  99  6:27  Gateway  
  99  6:35  Gateway, Warp Prism (Chrono Boost)  
  99  6:38  Stalker  
  99  6:39  Stalker  
  105  6:42  Gateway  
  105  6:45  Gateway  
  105  6:52  Gateway  
  105  6:55  Pylon  
  105  7:01  Disruptor (Chrono Boost)  
  108  7:10  Pylon  
  108  7:11  Pylon  
  108  7:15  Pylon, Stalker x4  
  108  7:22  Photon Cannon  
  113  7:25  Photon Cannon  
  113  7:26  Photon Cannon, Disruptor (Chrono Boost)  
  116  7:41  Dark Templar x4  
  124  7:44  Pylon  
  124  7:46  Archon x2  
  124  7:48  Nexus  
  124  7:49  Protoss Ground Weapons Level 2 (Chrono Boost)  
  124  7:51  Probe x3  
  124  7:53  Disruptor (Chrono Boost)  
  130  8:03  Pylon  
  130  8:04  Probe x3  
  133  8:07  Pylon  
  131  8:18  Dark Templar  
  131  8:19  Dark Templar x2  
  137  8:20  Dark Templar  
  137  8:23  Photon Cannon  
  137  8:26  Probe x2  
  141  8:27  Pylon  
  141  8:28  Probe  
  141  8:30  Archon  
  142  8:37  Dark Templar x2  
  142  8:38  Probe  
  142  8:39  Probe  
  142  8:40  Assimilator  
  148  8:41  Pylon, Assimilator  
  148  8:43  Pylon  
  148  8:44  Archon, Dark Templar  
  150  8:52  Photon Cannon  
  144  9:11  Zealot x7  
  144  9:14  Probe x2  
  160  9:17  Probe  
  160  9:19  Disruptor (Chrono Boost)  
  160  9:21  Templar Archives  
  164  9:26  Dark Templar x3  
  170  9:33  Archon x2  
  170  9:40  Pylon  
  170  9:42  Photon Cannon  
  170  9:45  Shield Battery  
  170  9:46  Zealot x7  
  184  9:57  Disruptor  
  187  10:00  Psionic Storm  
  187  10:06  Dark Templar x4  
  187  10:07  Zealot x3  
  155  10:29  Zealot x6  
  150  10:36  Disruptor  
  150  10:40  Zealot x4  
  150  10:42  Archon x2  
  135  10:53  Zealot x6  
  147  10:57  Protoss Ground Weapons Level 3 (Chrono Boost)  
  147  11:02  Nexus  
  147  11:03  Gateway  
  147  11:04  Gateway, Pylon  
  145  11:15  Stalker x4  
  145  11:16  Zealot x4  
  157  11:25  Observer (Chrono Boost)  
  154  11:43  High Templar  
  154  11:44  High Templar x3  
  162  11:53  Zealot x6  
  174  11:54  Archon x2  
  153  12:12  Disruptor (Chrono Boost)  
  152  12:17  Zealot x5, Dark Templar x3  
  152  12:18  Zealot x2  
  172  12:26  Pylon  
  170  12:35  Zealot x2  
  170  12:44  Photon Cannon, Zealot x6, Immortal (Chrono Boost)  
  170  12:46  Photon Cannon  
  170  12:48  Photon Cannon  
  170  12:50  Pylon  
  184  12:55  Fleet Beacon  
  180  13:00  Zealot x6  
  180  13:01  Stargate  
  180  13:03  Stargate  
  190  13:08  High Templar x5  
  196  13:14  Pylon  
  176  13:38  Zealot x7  
  176  13:40  Disruptor (Chrono Boost)  
  173  13:52  Oracle (Chrono Boost)  
  161  14:00  Dark Templar x7  
  161  14:01  Nexus  
  174  14:06  Zealot  
  174  14:08  Observer (Chrono Boost)  
  176  14:18  Pylon  
  177  14:24  Observer (Chrono Boost)  
  177  14:30  Zealot x3  
  181  14:32  Pylon  
  179  14:43  Zealot x4  
  177  15:06  Carrier  
  171  15:21  Zealot x6  
  175  15:30  Dark Templar x2  
  177  15:40  Dark Templar x3  
  181  16:02  Zealot x7  
  195  16:08  Disruptor  
  170  16:24  Zealot  
  170  16:25  Zealot x6  
  147  16:50  Nexus  
  147  16:56  High Templar x8  
  163  17:04  Archon x3  
  163  17:10  Pylon  
  163  17:11  Pylon  
  163  17:16  Archon  
  156  17:52  Pylon  
  156  17:54  High Templar x2  
  160  18:03  High Templar x7  
  174  18:07  Nexus  
  174  18:12  Archon x2  
  174  18:17  Archon  
  109  18:53  High Templar x4, Zealot x6  
  122  18:59  Archon x4  
  117  19:13  High Templar  
  119  19:28  Pylon  
  119  19:30  Assimilator  
  119  19:40  Dark Templar  
  121  19:56  Assimilator  
  121  20:10  Photon Cannon, Zealot x3  
  127  20:20  Probe x3  
  130  20:25  High Templar x2  
  134  21:05  High Templar  
  136  21:17  Zealot x3  
  136  21:18  Zealot x5  
  152  21:44  Zealot x5  
  152  21:45  Zealot  
  164  21:50  High Templar x2  
  162  22:13  Cybernetics Core  
  154  22:16  Gateway  
  154  22:17  Gateway  
  154  22:42  Templar Archives  
  150  23:26  Pylon  
  150  23:28  Pylon  
  150  23:29  Pylon  
  107  24:50  Zealot  
  107  24:51  Zealot x4  
  96  25:15  Gateway  
  96  25:17  Gateway, High Templar x5  
  96  25:19  Gateway  
  96  25:20  Gateway  
  106  25:22  Archon x2  
  106  25:24  Robotics Facility  
  106  25:31  Nexus  
  106  25:33  Pylon  
  106  25:39  Pylon  
  106  25:48  Stargate  
  100  26:11  Zealot x3  
  100  26:12  Zealot x2  
  107  26:29  Observer  
  84  26:33  Zealot x4  
  58  26:44  Archon x2  
Tags
 
Add a new tag
Caveats
  • Supply blocks, unpowered buildings, or Contaminate may cause inaccurate times.
  • Supply counts are checked every 10 seconds.